 Dungeon Crawl Stone Soup version 0.28.0 (webtiles) character file.

Game seed: 6295408226690733924

319 Cykl0x the Conjurer (level 6, -13/35 HPs)
             Began as a Gargoyle Conjurer on Feb 4, 2022.
             Mangled by an ogre (19 damage)
             ... on level 4 of the Dungeon.
             The game lasted 00:05:56 (2900 turns).

Cykl0x the Conjurer (Gargoyle Conjurer)             Turns: 2900, Time: 00:05:56

Health: -13/35     AC:  9    Str: 11    XL:     6   Next: 45%
Magic:  2/10       EV: 10    Int: 20    God:
Gold:   98         SH:  2    Dex:  8    Spells: 7/10 levels left

rFire   . . .      SeeInvis .   b - +0 short sword
rCold   . . .      Faith    .   f - +0 buckler
rNeg    + . .      Spirit   .   d - +0 ring mail
rPois   ∞          Reflect  .   (no helmet)
rElec   +          Harm     .   (no cloak)
rCorr   .          Rampage  .   (no gloves)
Will    .....                   (no boots)
Stlth   +.........              (no amulet)
HPRegen 0.11/turn               (no ring)
MPRegen 0.12/turn               (no ring)

@: no status effects
A: sickness immunity, AC +4, negative energy resistance 1, electricity
resistance, torment resistance 1, petrification resistance
a: no special abilities


You were on level 4 of the Dungeon.
You visited 1 branch of the dungeon, and saw 4 of its levels.

You collected 98 gold pieces.

Inventory:

Hand Weapons
 b - a +0 short sword (weapon)
 l - a +0 dagger of venom
Armour
 a - a +0 robe
 d - a +0 ring mail (worn)
 f - a +0 buckler (worn)
Scrolls
 c - a scroll of fear
 k - a scroll of identify
Potions
 e - a potion of heal wounds
 g - a potion of ambrosia {unknown}
 i - a potion of might {unknown}
 j - 2 potions of lignification {unknown}


   Skills:
 * Level 2.2 Fighting
 + Level 0.6(1.2) Short Blades
 * Level 1.6(1.7) Long Blades
 * Level 2.0 Armour
 + Level 2.0 Dodging
 - Level 2.1 Stealth
 + Level 2.7 Spellcasting
 + Level 5.7 Conjurations
 * Level 1.6 Hexes


You had 7 spell levels left.
You knew the following spells:

 Your Spells              Type           Power      Damage    Failure   Level
a - Magic Dart            Conj           100%       1d8       4%          1
b - Searing Ray           Conj           50%        2d6       7%          2

Your spell library contained the following spells:

 Spells                   Type           Power      Damage    Failure   Level
 Dazzling Flash           Conj/Hex       34%        N/A       30%         3
 Blink                    Tloc           4%         N/A       56%         2
 Inner Flame              Hex/Fire       6%         N/A       69%         3
 Fulminant Prism          Conj/Hex       8%         3d7       71%         4
 Iskenderun's Mystic Bla  Conj/Tloc      14%        2d5       82%         4
 Cause Fear               Hex            4%         N/A       94%         4
 Manifold Assault         Tloc           2%         N/A       100%        5
 Storm Form               Tmut/Air       1%         N/A       100%        7
 Discord                  Hex            4%         N/A       100%        8


Dungeon Overview and Level Annotations

Branches:
Dungeon (4/15)
 Temple: D:4-7

Altars:


Innate Abilities, Weirdness & Mutations

You are immune to sickness and miasma.
Your stone body is resilient. (AC +4)
You are immune to poison.
You resist negative energy. (rN+)
You are resistant to electric shocks. (rElec)
You are resistant to unholy torment.
You are immune to petrification.


Message History

Aim: an ogre, wielding a +0 giant spiked club (90% to hit)
The searing ray hits the orc!
You kill the orc!
The searing ray misses the ogre. (Press . to maintain the ray.)
The searing ray hits the ogre.
The ogre is lightly wounded.
The ogre hits you with a +0 giant spiked club.
The searing ray hits the ogre!
The ogre is moderately wounded.
The searing ray hits the ogre.
The ogre is heavily wounded.
You finish channelling your searing ray.
The ogre barely misses you.
Casting: Searing Ray (safe; 7% risk of failure)
Confirm with . or Enter, or press ? or * to list all spells.
Aiming: Searing Ray (safe; 7% risk of failure)
Press: ? - help, Shift-Dir - straight line, f/p - ogre
Aim: an ogre, wielding a +0 giant spiked club (heavily wounded, 90% to hit)
Okay, then.
The magic dart hits the ogre.
The ogre is severely wounded.
The ogre hits you with a +0 giant spiked club!!
Ouch! That really hurt!
* * * LOW HITPOINT WARNING * * *
You are too injured to fight recklessly!
You hit the ogre.
The ogre is severely wounded.
The ogre barely misses you.
You hit the ogre.
The ogre is almost dead.
You hit the ogre.
The ogre is almost dead.
The ogre hits you with a +0 giant spiked club.
* * * LOW HITPOINT WARNING * * *
You barely miss the ogre.
The ogre is almost dead.
The ogre hits you with a +0 giant spiked club!!
Ouch! That really hurt!
You die...

#.#.......######
≈≈≈≈≈≈≈≈≈......######
≈#≈≈≈≈≈#≈.###........
#≈###≈#≈.# #.^######
# ≈≈#≈.# #..# ≈≈≈≈≈.#
#..# ##
..#.#..###..###....
#..#.........(....# #
#######@##.#... #O#
$. .Z. ..# ##.#. .#
#.#.. . ... #= ### ..
..


You could see an ogre and a hound skeleton.

Vanquished Creatures
  Sigmund (D:2)
  A hound (D:4)
  An orc wizard (D:3)
  2 adders
  2 worms
  9 orcs
  17 ball pythons
  2 endoplasms
  2 giant cockroaches
  5 goblins
  16 hobgoblins
  A quokka (D:2)
  6 bats
  4 frilled lizards
  5 kobolds
  3 rats
77 creatures vanquished.

Notes
Turn   | Place    | Note
-------+----------+-------------------------------------------
     0 | D:1      | Cykl0x the Gargoyle Conjurer began the quest for the Orb.
     0 | D:1      | Reached XP level 1. HP: 10/10 MP: 3/3
   269 | D:1      | Reached XP level 2. HP: 16/16 MP: 1/5
   272 | D:1      | Learned a level 2 spell: Searing Ray
   365 | D:1      | Reached skill level 1 in Fighting
   675 | D:1      | Reached XP level 3. HP: 20/20 MP: 3/6
   985 | D:2      | Noticed Sigmund
  1140 | D:2      | Killed Sigmund
  1141 | D:2      | Reached skill level 1 in Long Blades
  1141 | D:2      | Reached skill level 1 in Armour
  1141 | D:2      | Reached skill level 5 in Conjurations
  1141 | D:2      | Reached skill level 1 in Hexes
  1141 | D:2      | Reached XP level 4. HP: 13/26 MP: 0/7
  1141 | D:2      | Reached XP level 5. HP: 16/30 MP: 0/8
  1549 | D:2      | Found a faded altar of an unknown god.
  2227 | D:3      | Reached XP level 6. HP: 35/35 MP: 7/9
  2900 | D:4      | Mangled by an ogre

Illustrated notes

Levels and vault maps discovered:
D:1:      saegor_arrival_simple_d, layout_basic, minmay_misc_feat_five,
          chequers_serial_rivers_micro_d
D:2:      layout_loops_ring, hellmonk_ecumenical_altar_prayer_group,
          minmay_tiny_reverse_x, uniq_sigmund
D:3:      layout_basic
D:4:      layout_loops_ring, serial_shops, shop, nicolae_ossuary_entry_ruins,
          minmay_crystal_water

Skill      XL: |  1  2  3  4  5  6 |
---------------+-------------------+-----
Fighting       | 1 2 |  2.2
Long Blades    | 1 |  1.6
Armour         | 1 2 |  2.0
Dodging        | 2 |  2.0
Conjurations   | 5 |  5.7
Hexes          | 1 |  1.6
Short Blades   | |  0.6
Stealth        | |  2.1
Spellcasting   | |  2.7

Action                   |  1- 3 |  4- 6 || total
-------------------------+-------+-------++-------
Melee: Short sword       |    21 |    35 ||    56
 Cast: Magic Dart        |    47 |    49 ||    96
       Searing Ray       |     3 |    10 ||    13
  Use: Scroll            |     2 |     3 ||     5
 Stab: Sleeping          |       |     1 ||     1
Armor: Robe              |     5 |       ||     5
       Ring mail         |       |    18 ||    18
Dodge: Dodged            |    13 |    26 ||    39
Block: Buckler           |       |     2 ||     2
